 Dungeon Crawl Stone Soup version 0.31-a0-840-g6d2ecbb638 (webtiles) character file.

Game seed: 13801774869059289251

125174 lis82 the Cloud Mage (level 15, -10/95 (99) HPs)
             Began as a Demigod Air Elementalist on Sept 27, 2023.
             Mangled by a +5 short sword of draining (11 damage)
             ... on level 1 of the Elven Halls.
             The game lasted 01:42:47 (46568 turns).

lis82 the Cloud Mage (Demigod Air Elementalist)    Turns: 46568, Time: 01:42:49

HP:   -10/95 (99)   AC: 11    Str: 12    XL:     15   Next: 94%
MP:   28/36         EV: 23    Int: 33    God:
Gold: 119           SH:  0    Dex: 27    Spells: 10/38 levels left

rFire   + . .        k - +6 trident (drain)
rCold   + + .        (no shield)
rNeg    . . .        w - +2 robe of the Garden {rC+}
rPois   +            d - +0 helmet
rElec   .            E - +0 cloak
rCorr   .            H - +1 pair of gloves "Fachueqe" {Drain Dex+3 Slay+4}
SInv    +            B - +1 pair of boots {rampage}
Will    +....        r - amulet "Hiwneg" {Acrobat rPois rC+ SInv}
Stlth   ++++         f - ring of the Invisible Hand {rF+ Str+3 Dex+6}
HPRegen 0.35/turn    a - +5 ring of evasion
MPRegen 0.25/turn

%: acrobat, rampage
@: studying Unarmed Combat, lightly drained
A: high MP 1, forlorn, divine attributes
a: no special abilities


You were on level 1 of the Elven Halls.
You visited 4 branches of the dungeon, and saw 24 of its levels.
You also visited: Bailey and Gauntlet.

You collected 2765 gold pieces.
You spent 2646 gold pieces at shops.

Inventory:

Hand Weapons
 k - a +6 trident of draining (weapon)
 p - a +9 spectral short sword
Armour
 d - a +0 helmet (worn)
 h - +0 swamp dragon scales
 m - a +0 buckler
 w - the +2 robe of the Garden (worn) {rC+}
   (You took it off a deep elf pyromancer in a bailey)

   rC+:       It protects you from cold.
 B - a +1 pair of boots of rampaging (worn)
 E - a +0 cloak (worn)
 H - the +1 pair of gloves "Fachueqe" (worn) {Drain Dex+3 Slay+4}
   (You acquired it on level 13 of the Dungeon)

   Dex+3:     It affects your dexterity (+3).
   Slay+4:    It affects your accuracy & damage with ranged weapons and melee
   (+4).
   Drain:     It drains your maximum health when unequipped.
 K - the +2 pair of gloves "Emihazedd" {rElec rF+ Int-3}
   (You found it in a Gauntlet)

   Int-3:     It affects your intelligence (-3).
   rF+:       It protects you from fire.
   rElec:     It insulates you from electricity.
 N - a +1 robe of resistance
 T - a +1 kite shield of reflection
Jewellery
 a - a +5 ring of evasion (right hand)
 f - the ring of the Invisible Hand (left hand) {rF+ Str+3 Dex+6}
   (You acquired it on level 4 of the Dungeon)

   [ring of dexterity]

   Str+3:     It affects your strength (+3).
   Dex+6:     It affects your dexterity (+6).
   rF+:       It protects you from fire.
 o - a ring of resist corrosion
 r - the amulet "Hiwneg" (around neck) {Acrobat rPois rC+ SInv}
   (You found it on level 3 of the Dungeon)

   [amulet of the acrobat]

   Acrobat:   It increases your evasion while moving and waiting.
   rC+:       It protects you from cold.
   rPois:     It protects you from poison SInv: It lets you see invisible.
 C - a ring of fire
 M - an amulet of magic regeneration
 Q - a +6 ring of intelligence
 V - the ring of the Genius {Fly Stlth+}
   (You took it off a minotaur in a Gauntlet)

   [ring of flight]

   Fly:       It grants you flight.
   Stlth+:    It makes you more stealthy.
 W - a ring of wizardry
Wands
 u - a wand of polymorph (18)
 F - a wand of acid (3)
 G - a wand of paralysis (8)
 I - a wand of flame (6)
 J - a wand of digging (2)
 S - a wand of roots (7)
Scrolls
 g - 17 scrolls of teleportation
 j - 2 scrolls of enchant armour
 n - 4 scrolls of poison
 s - 3 scrolls of fog
 y - 2 scrolls of blinking
 A - a scroll of summoning
 P - 3 scrolls of revelation
Potions
 b - a potion of magic
 c - 7 potions of heal wounds
 e - 6 potions of enlightenment
 i - 7 potions of haste
 l - 5 potions of lignification
 q - 2 potions of berserk rage
 t - 4 potions of mutation
 v - 12 potions of curing
 x - 4 potions of brilliance
 z - 4 potions of might
 D - 4 potions of resistance
 L - 2 potions of attraction
 O - a potion of ambrosia
 R - a potion of cancellation
 X - 2 potions of invisibility


   Skills:
 - Level 7.0 Armour
 - Level 7.0 Dodging
 - Level 7.2 Stealth
 - Level 12.2 Spellcasting
 - Level 2.0 Conjurations
 - Level 2.1 Fire Magic
 + Level 21.1 Air Magic


You had 10 spell levels left.
You knew the following spells:

 Your Spells              Type           Power      Damage    Failure   Level
a - Shock                 Conj/Air       100%       1d9       1%          1
b - Swiftness             Air            100%       N/A       0%          3
c - Arcjolt               Conj/Air       38%        1d48      1%          5
d - Airstrike             Air            51%        2d(8-24)  0%          4
e - Plasma Beam           Fire/Air       38%        2x1d52    3%          6
f - Chain Lightning       Conj/Air       38%        3d51      100%        9

Your spell library contained the following spells:

 Spells                   Type           Power      Damage    Failure   Level
 Kiss of Death            Conj/Necr      100%       2d13      1%          1
 Magic Dart               Conj           100%       1d8       1%          1
 Cigotuvi's Dreadful Rot  Necr/Pois/Air  100%       N/A       1%          2
 Poisonous Vapours        Pois/Air       100%       N/A       1%          2
 Searing Ray              Conj           66%        2d6       1%          2
 Static Discharge         Conj/Air       100%       2-7/arc   1%          2
 Mephitic Cloud           Conj/Pois/Air  63%        N/A       1%          3
 Vhi's Electric Charge    Tloc/Air       100%       N/A       1%          4
 Sting                    Tmut/Pois      80%        1d7       2%          1
 Blink                    Tloc           40%        N/A       3%          2
 Call Imp                 Summ           40%        N/A       3%          2
 Sublimation of Blood     Necr           20%        N/A       3%          2
 Wereblood                Tmut           20%        N/A       3%          2
 Confusing Touch          Hex            20%        N/A       7%          3
 Summon Guardian Golem    Hex/Summ       20%        N/A       7%          3
 Brom's Barrelling Bould  Conj/Erth      26%        2d5       16%         4
 Dispel Undead            Necr           20%        3d11      22%         4
 Manifold Assault         Tloc           20%        N/A       22%         4
 Olgreb's Toxic Radiance  Pois           20%        N/A       22%         4
 Orb of Destruction       Conj           16%        9d7       100%        7
 Spellforged Servitor     Conj/Summ      13%        N/A       100%        7
 Summon Hydra             Summ           10%        N/A       100%        7


Dungeon Overview and Level Annotations

Branches:
Dungeon (15/15)            Temple (0/1) D:6            Lair (5/5) D:10
 Shoals (0/4) Lair:3        Snake (0/4) Lair:3        Slime (0/5) Lair:4
    Orc (2/2) D:11            Elf (2/3) Orc:2        Vaults (0/5) D:14
 Depths (0/4) D:15         Bailey (visited)         Gauntlet (visited)

Shops:
D:6 *   D:7 ?   D:9 ?!!(   D:12 =   D:13 (?(:?   D:14 :   Orc:1 *   Orc:2 ?([!

Portals:
Abyss: Lair:5
Trove: D:11 (give 2 scrolls of acquirement)

Annotations:
D:5 2 transporters, glosham's ghost, amateur AtSh


Innate Abilities, Weirdness & Mutations

You have an increased reservoir of magic. (+10% MP)
You shall have no god before yourself.
Your divine heritage dramatically boosts your attributes as you level up.


Message History

Confirm with . or Enter, or press ? or * to list all spells.
Aiming: Airstrike (safe; 0% risk of failure)
Press: ? - help, Dir - move target, f - +6 scimitar of flaming
Aim: a +6 scimitar of flaming (empty space bonus: 6/8)
The air twists around and strikes the +6 scimitar of flaming!
The +6 scimitar of flaming is moderately damaged.
Unknown command.
The +6 scimitar of flaming hits you! The +6 scimitar of flaming burns you.
The +5 short sword of draining misses you.
The tarantella closely misses you. The +6 scimitar of flaming hits you!
The +6 scimitar of flaming burns you.
The +5 short sword of draining hits you but does no damage.
You feel drained.
You climb upwards.
There is a stone staircase leading down here.
Casting: Airstrike (safe; 0% risk of failure)
Confirm with . or Enter, or press ? or * to list all spells.
Electricity surges outward!
The tarantella is struck by an electric surge.
The tarantella is moderately wounded.
The tarantella touches you!
You are confused.
The +6 scimitar of flaming hits you! The +6 scimitar of flaming burns you.
The +5 short sword of draining closely misses you.
The tarantella touches you.
The +5 short sword of draining hits you!
You feel drained. The +6 scimitar of flaming hits you!!
* * * LOW HITPOINT WARNING * * *
The +6 scimitar of flaming burns you.
* * * LOW HITPOINT WARNING * * *
Unknown command.
You are too confused!
You feel better.
The +5 short sword of draining hits you.
* * * LOW HITPOINT WARNING * * *
You feel drained. The +6 scimitar of flaming hits you.
* * * LOW HITPOINT WARNING * * *
The tarantella completely misses you.
The +5 short sword of draining hits you!
You die...

.......................#...#..#..
.......................#...#..#..
####'############'###..#...#..#..
....................#..#####..###
....................#............
..##########'#####..#............
..#..............#..#..####'#####
..#............((#..#..#.........
..#..###'######s@#..#..#.########
..#..#........#..#..#..#.#.......
..'..#........#..#..#..#.'.......
..#..#........#..#..#..#.#.......
..#..'........#..#..#..#.#.......
..#..#........#..#..#..#.######'#
..#..#).......'..#..#..'.........
..#..#######'##..#..#..#.........
..#..............#..#..#.#'######


You could see a tarantella and 2 dancing weapons.

Vanquished Creatures
  An ironbound preserver (D:14)
  Azrael (Orc:2)
  A deep elf annihilator (Elf:1)
  A minotaur (Gauntlet)
  A green death (Gauntlet)
  An ettin (D:15)
  3 deep elf death magi (Elf:1)
  Josephine (D:10)
  6 hydras
  A ghost crab (Gauntlet)
  8 centaur warriors
  4 dancing weapons (Elf:1)
  3 tengu warriors
  5 boulder beetles
  4 two-headed ogres
  3 thrashing horrors (Lair:5)
  3 orc high priests
  9 death yaks
  4 deep elf knights (Elf:1)
  A soul eater (Gauntlet)
  A deep troll (D:15)
  A wizard (D:15)
  17 deep elf pyromancers
  12 deep elf archers (Elf:1)
  12 deep elf zephyrmancers
  28 ugly things
  5 cyclopes
  An orc knight (Bailey)
  8 orc sorcerers
  2 manticores
  9 elephants
  A merfolk siren (Lair:3)
  2 gargoyles
  3 smoke demons (Lair:5)
  3 black mambas
  Jeremiah (D:6)
  6 orange demons
  Maggie (D:7)
  7 cane toads
  5 kobold demonologists
  4 rime drakes
  5 komodo dragons
  A tengu conjurer (D:15)
  An efreet (D:15)
  4 red devils (D:11)
  4 trolls
  A merfolk (shapeshifter) (Lair:5)
  2 polar bears
  6 meliai
  A hornet (D:8)
  Prince Ribbit (D:6)
  2 large abominations (Lair:5)
  7 dream sheep (Lair:2)
  2 raiju (Lair:5)
  17 blink frogs
  5 slime creatures
  Sigmund (D:3)
  2 shadows
  6 wraiths
  3 fire elementals
  A centaur simulacrum (D:14)
  A spriggan (Lair:5)
  49 yaks
  2 ynoxinuls (Lair:5)
  7 basilisks
  9 small abominations (Lair:5)
  A chaos spawn (Lair:5)
  6 vampire mosquitoes
  4 wargs
  6 nagas (Lair:3)
  2 acid dragons
  2 hell hounds
  14 water moccasins
  A black bear (D:5)
  36 orc warriors
  An ice beast (D:6)
  2 sky beasts
  9 ogres
  22 wolves
  13 centaurs
  3 kobold brigands
  8 bullfrogs
  A scorpion (D:6)
  15 wights
  4 killer bees (D:9)
  6 howler monkeys
  2 electric eels (Lair:1)
  4 lava snakes (Lair:1)
  6 hounds
  28 orc priests
  3 jellies
  3 sleepcaps
  2 iguanas
  38 orc wizards
  7 hell rats (Lair:3)
  Robin (D:3)
  4 gnolls (D:3)
  9 adders
  4 shadow imps
  3 worms
  A dart slug (D:12)
  80 orcs
  9 endoplasms
  3 giant cockroaches
  25 goblins
  8 hobgoblins
  3 jackals (D:2)
  12 kobolds
  5 quokkas
  6 ball pythons
  8 bats
  2 frilled lizards
  2 rats (D:2)
  A butterfly (Lair:1)
765 creatures vanquished.

Vanquished Creatures (collateral kills)
  A death yak (D:10)
  An orc high priest (Orc:2)
  2 trolls (Orc:2)
4 creatures vanquished.

Grand Total: 769 creatures vanquished

Notes
Turn   | Place    | Note
-------+----------+-------------------------------------------
     0 | D:1      | lis82 the Demigod Air Elementalist began the quest for the
                  | Orb.
     0 | D:1      | Reached XP level 1. HP: 14/14 MP: 5/5
   312 | D:1      | Reached XP level 2. HP: 20/20 MP: 5/8
   478 | D:1      | You fall into a shaft and drop 1 floor!
   647 | D:2      | Reached skill level 3 in Air Magic
   801 | D:2      | Reached XP level 3. HP: 26/26 MP: 4/9
   805 | D:2      | Learned a level 3 spell: Swiftness
  1548 | D:2      | Identified the +2 robe of Cintoluu {rF+ Dex-5 SInv}
  2266 | D:3      | Reached skill level 4 in Air Magic
  2420 | D:3      | Reached XP level 4. HP: 33/33 MP: 6/10
  2574 | D:3      | Learned a level 4 spell: Airstrike
  2627 | D:3      | Identified the amulet "Hiwneg" {Acrobat rPois rC+ SInv}
  2759 | D:3      | Noticed Robin
  2780 | D:3      | Killed Robin
  3114 | D:3      | Reached skill level 5 in Air Magic
  3139 | D:3      | Reached XP level 5. HP: 38/38 MP: 7/11
  3272 | D:3      | Noticed Sigmund
  3493 | D:3      | Killed Sigmund
  3494 | D:3      | Reached skill level 6 in Air Magic
  3494 | D:3      | Reached XP level 6. HP: 45/45 MP: 3/12
  4967 | D:4      | Identified a scroll of acquirement
  4968 | D:4      | Acquired the ring of the Invisible Hand {rF+ Str+3 Dex+6}
  4993 | D:5      | Entered Level 5 of the Dungeon
  5238 | D:5      | Reached skill level 7 in Air Magic
  5445 | D:5      | Reached XP level 7. HP: 50/50 MP: 4/14
  5819 | D:5      | Noticed a hornet
  5890 | D:5      | Noticed glosham's ghost (amateur AtSh)
  6005 | D:5      | Found a transporter.
  6010 | D:5      | Found a transporter.
  6320 | D:6      | Noticed Jeremiah
  6326 | D:6      | Killed Jeremiah
  6327 | D:6      | Reached skill level 5 in Spellcasting
  6509 | D:6      | Found a staircase to the Ecumenical Temple.
  6629 | D:6      | Found Xilyiwno's General Store.
  6686 | D:6      | Bought a scroll of vulnerability for 44 gold pieces
  6754 | D:6      | Reached XP level 8. HP: 57/57 MP: 14/20
  6845 | D:6      | Noticed Prince Ribbit
  6848 | D:6      | Killed Prince Ribbit
  8055 | D:7      | Found Huilo's Magic Scroll Shop.
  8060 | D:7      | Bought a scroll of identify for 24 gold pieces
  8171 | D:7      | Reached XP level 9. HP: 31/62 MP: 2/25
  8174 | D:7      | Found a flagged portal.
  8181 | Bailey   | Entered a bailey
  8692 | Bailey   | Found a large runed translucent door.
  8692 | Bailey   | Found a large runed translucent door.
  8693 | Bailey   | Noticed a deep elf pyromancer
  8696 | Bailey   | Noticed an orc knight
  8705 | Bailey   | Reached skill level 5 in Dodging
  8777 | Bailey   | Killed an orc knight
  8778 | Bailey   | Reached skill level 8 in Air Magic
  8888 | Bailey   | Identified the +2 robe of the Garden {rC+}
  8924 | Bailey   | Killed a deep elf pyromancer
  8925 | Bailey   | Reached skill level 9 in Air Magic
  9078 | D:7      | Noticed Maggie
  9144 | D:7      | Killed Maggie
 10014 | D:8      | Reached skill level 10 in Air Magic
 10014 | D:8      | Reached XP level 10. HP: 69/69 MP: 2/26
 11031 | D:9      | Reached skill level 5 in Stealth
 11167 | D:9      | Found Ideamep's Distillery.
 11174 | D:9      | Bought a potion of degeneration for 14 gold pieces
 11177 | D:9      | Bought a potion of curing for 42 gold pieces
 11177 | D:9      | Bought a potion of might for 56 gold pieces
 11177 | D:9      | Bought a potion of berserk rage for 70 gold pieces
 11177 | D:9      | Bought a potion of haste for 140 gold pieces
 11841 | D:9      | Found Rumasmilen's Magic Scroll Boutique.
 11906 | D:9      | Found Zaicin's Distillery.
 11916 | D:9      | Bought a potion of resistance for 140 gold pieces
 11916 | D:9      | Bought a potion of lignification for 42 gold pieces
 12842 | D:9      | Found Gonaisec's Weapon Emporium.
 12872 | D:10     | Entered Level 10 of the Dungeon
 13107 | D:10     | Noticed a death yak
 13109 | D:10     | Reached skill level 1 in Armour
 13748 | D:10     | Reached XP level 11. HP: 74/74 MP: 14/27
 13957 | D:10     | Found a staircase to the Lair.
 13971 | D:10     | Noticed a death yak
 13972 | D:10     | Noticed a death yak
 13973 | D:10     | Noticed a death yak
 13973 | D:10     | Noticed a death yak
 13975 | D:10     | Noticed a death yak
 13975 | D:10     | Noticed a death yak
 13976 | D:10     | Killed a death yak
 14039 | D:10     | Killed a death yak
 14265 | D:10     | Killed a death yak
 14266 | D:10     | Reached skill level 5 in Armour
 14314 | D:9      | Killed a death yak
 14467 | D:9      | Killed a death yak
 14602 | D:10     | Noticed Josephine
 14775 | D:10     | Killed a death yak
 15008 | D:10     | Killed Josephine
 15430 | D:10     | Killed a death yak
 15610 | D:11     | Reached skill level 11 in Air Magic
 15795 | D:11     | Found a portal to a secret trove of treasure.
 16322 | D:11     | Noticed a sun demon
 16854 | D:11     | Found a staircase to the Orcish Mines.
 17038 | D:11     | Reached skill level 12 in Air Magic
 17275 | D:11     | Reached XP level 12. HP: 81/81 MP: 11/28
 17533 | D:11     | Got an engraved book
 18059 | D:11     | Reached skill level 13 in Air Magic
 18577 | D:12     | Found Lalaym's Jewellery Boutique.
 19236 | D:12     | Noticed a centaur warrior
 19241 | D:12     | Killed a centaur warrior
 19519 | D:12     | Reached skill level 14 in Air Magic
 19989 | D:13     | Found Rask's Weapon Shop.
 20003 | D:13     | Found Tufoe's Weapon Boutique.
 20006 | D:13     | Noticed a six-headed hydra
 20010 | D:13     | Killed a six-headed hydra
 20424 | D:13     | Found Ceky's Magic Scroll Boutique.
 20586 | D:13     | Bought a scroll of identify for 30 gold pieces
 20586 | D:13     | Bought a scroll of identify for 30 gold pieces
 20588 | D:13     | Bought a scroll of brand weapon for 142 gold pieces
 20833 | D:13     | Found Jahusy's Book Shoppe.
 20948 | D:13     | Found Qeyruqo's Magic Scroll Shop.
 21053 | Orc:1    | Entered Level 1 of the Orcish Mines
 21380 | Orc:2    | Entered Level 2 of the Orcish Mines
 22619 | Orc:2    | Reached skill level 10 in Spellcasting
 22781 | Orc:2    | Noticed Azrael
 23397 | D:13     | Bought a book of Lightning for 504 gold pieces
 23403 | D:13     | Learned a level 5 spell: Arcjolt
 23410 | D:13     | Learned a level 6 spell: Plasma Beam
 24176 | Orc:2    | Killed Azrael
 24177 | Orc:2    | Reached XP level 13. HP: 46/86 MP: 4/32
 24910 | Orc:2    | Found Ylyvoec's Distillery.
 24911 | Orc:2    | Found Futoan's Antique Weapon Shop.
 24912 | Orc:2    | Found Kepiacar's Magic Scroll Shop.
 24916 | Orc:2    | Found Xatub's Armour Boutique.
 25127 | Orc:2    | Found a staircase to the Elven Halls.
 26916 | Orc:1    | Found Idwou's Assorted Antiques.
 27180 | Lair:1   | Entered Level 1 of the Lair of Beasts
 27397 | Lair:1   | You fall into a shaft and drop 1 floor!
 27535 | Lair:2   | Found a gate leading to a gauntlet.
 27566 | Gauntlet | Entered a Gauntlet
 27566 | Gauntlet | Found a transporter.
 27566 | Gauntlet | Found a transporter.
 27608 | Gauntlet | Found a transporter.
 27608 | Gauntlet | Found a transporter.
 27635 | Gauntlet | Found a transporter.
 27640 | Gauntlet | Noticed a quicksilver ooze
 27643 | Gauntlet | Found a transporter.
 27645 | Gauntlet | Found a transporter.
 27651 | Gauntlet | Found a transporter.
 27682 | Gauntlet | Found a transporter.
 27729 | Gauntlet | Found a transporter.
 27741 | Gauntlet | Found a transporter.
 27760 | Gauntlet | Found a transporter.
 27768 | Gauntlet | Found a transporter.
 27852 | Gauntlet | Found a transporter.
 27865 | Gauntlet | Found a transporter.
 27886 | Gauntlet | Found a transporter.
 28420 | Gauntlet | Identified the +2 pair of gloves "Emihazedd" {rElec rF+
                  | Int-3}
 28453 | Gauntlet | Identified the ring of the Genius {Fly Stlth+}
 28453 | Gauntlet | Noticed a minotaur
 28457 | Gauntlet | Killed a minotaur
 28465 | Gauntlet | Identified the amulet "Qeilomipn" {Spirit Will+}
 29848 | Lair:1   | Reached skill level 15 in Air Magic
 30435 | Lair:2   | Reached skill level 1 in Fire Magic
 30454 | Lair:2   | Reached skill level 1 in Conjurations
 31793 | Lair:3   | Found a staircase to the Snake Pit.
 32322 | Lair:3   | Found a staircase to the Shoals.
 32444 | Lair:3   | Reached XP level 14. HP: 93/93 MP: 22/35
 32889 | Lair:4   | Found a staircase to the Slime Pits.
 33786 | Lair:5   | Entered Level 5 of the Lair of Beasts
 34037 | Lair:5   | Reached skill level 16 in Air Magic
 35496 | Lair:5   | Reached skill level 17 in Air Magic
 37477 | Lair:5   | Found a one-way gate to the infinite horrors of the Abyss.
 38573 | D:14     | Noticed an ironbound preserver
 38576 | D:14     | Killed an ironbound preserver
 38624 | D:14     | Reached skill level 18 in Air Magic
 38804 | D:14     | Found a gate to the Vaults.
 39374 | D:13     | Bought the Annotations on Power for 588 gold pieces
 39384 | D:13     | Learned a level 9 spell: Chain Lightning
 39491 | D:14     | Found Nuxynel's Tiny Tomes.
 39683 | D:14     | Reached XP level 15. HP: 99/99 MP: 13/36
 40554 | D:15     | Entered Level 15 of the Dungeon
 40780 | D:15     | Reached skill level 19 in Air Magic
 42619 | D:15     | Found a staircase to the Depths.
 42921 | Elf:1    | Entered Level 1 of the Elven Halls
 43230 | Elf:1    | Reached skill level 20 in Air Magic
 44444 | D:13     | Bought a scroll of acquirement for 780 gold pieces
 44444 | D:13     | Acquired the +1 pair of gloves "Fachueqe" {Drain Dex+3
                  | Slay+4}
 45889 | Elf:1    | Reached skill level 21 in Air Magic
 46567 | Elf:1    | HP: 1/96 [+6 scimitar of flaming (5)]
 46568 | Elf:1    | Mangled by a +5 short sword of draining

Illustrated notes

Levels and vault maps discovered:
D:1:      minmay_arrival_cross, layout_basic, shapermc_ecumenical_altar_petra,
          wad_floor_pattern_1, minmay_fountain_box
D:2:      layout_basic, nicolae_elevator_lobby_asterisk
D:3:      layout_basic, serial_rivers, chequers_serial_rivers_micro_c,
          chequers_serial_rivers_micro_b, chequers_serial_rivers_small_b,
          chequers_serial_rivers_large_a, minmay_misc_feat_alley,
          serial_bayou_pond_e, minmay_misc_feat_plants, minmay_diced_spiral,
          uniq_robin, uniq_sigmund
D:4:      layout_basic, chequers_serial_rivers_room_b, dk_vineyard_1
D:5:      layout_basic, gammafunk_ghost_hive, kennysheep_generic_room_11
D:6:      layout_basic, minmay_temple_entry_glassed_door, serial_shops,
          nicolae_shop_advertising_works [nicolae_subvault_shop_adworks],
          uniq_prince_ribbit1, uniq_jeremiah
D:7:      layout_loops_ring, general_overflow_altar, serial_shops,
          shop_fountains, enter_bailey_2, kennysheep_generic_room_13,
          uniq_maggie
D:8:      layout_rooms
D:9:      layout_basic, serial_shops, shop, shop, shop, nicolae_shop_trees
D:10:     layout_loops_ring, dpeg_lair_monsters, uniq_josephine
D:11:     layout_basic, david_orc_4, nicolae_trove_entry_free_sample,
          minmay_beelzebubs_servants
D:12:     layout_small_grid, serial_shops, shop, kennysheep_slug_shrine
D:13:     layout_cave_pools, serial_shops, nicolae_stop_n_shop_2,
          nicolae_shop_just_a_little_nook, nicolae_shop_pleasant_corner_grove,
          nicolae_shop_rolled_up, nicolae_shop_tiny_waterfront,
          serial_column_ruins, column_ruins_courtyard_long_water,
          column_ruins_hut_ruined, column_ruins_corridor_T,
          column_ruins_columns_T, column_ruins_open_small,
          column_ruins_columns_straight, column_ruins_columns_straight
D:14:     layout_loops_corners, skrybe_vaults_entry_preservation,
          kennysheep_donut, nrook_mini_backslash,
          nicolae_shop_i_like_small_books_too
D:15:     hangedman_depths_entry_civil_slaughter, layout_cave_pools,
          serial_column_ruins, column_ruins_hut_pillars,
          column_ruins_square_medium, column_ruins_grid_3,
          column_ruins_columns_water, column_ruins_open_tiny,
          column_ruins_open_medium, column_ruins_grid_2, column_ruins_grid_1,
          small_statue_intersection, nzn_hepliaklqana_mist_gate
Lair:1:   layout_cave_pods, nicolae_lair_liquid_snakes, lemuel_fruit_fields
Lair:2:   layout_regular_city, gauntlet_entry_generic
Lair:3:   layout_cave_pods, minmay_shoals_entry_lonely_mermaid,
          minmay_snake_entry_guardpost_large
Lair:4:   layout_gridlike, minmay_slime_entry_pillars
Lair:5:   hellmonk_lair_end_abyssal_woods, layout_regular_city
Orc:1:    layout_diamond_mine, basic_altar, serial_shops,
          nicolae_shop_tiny_real_fake_doors
Orc:2:    st_orc_mages, layout_caves, basic_altar, kennysheep_orc_chapel,
          uniq_azrael
Elf:1:    nicolae_elf_arrival_no_cutting_in_line, layout_onion_city,
          minmay_elf_crystal_heptagon, nicolae_twisty_statue_hallways
Elf:2:    elven_hall_of_blades_hangedman_original
          [infiniplex_blade_entry_pillars], layout_gridlike, uniq_agnes

Skill      XL: |  1  2  3  4  5  6  7  8  9 10 11 12 13 14 15 |
---------------+----------------------------------------------+-----
Spellcasting   | 2 5 8 10 12 | 12.2
Air Magic      | 3 4 5 6 7 10 12 14 15 18 21 | 21.1
Dodging        | 3 5 7 |  7.0
Stealth        | 7 |  7.2
Armour         | 2 7 |  7.0
Fire Magic     | 2 |  2.1
Conjurations   | 2 |  2.0

Action                     |  1- 3 |  4- 6 |  7- 9 | 10-12 | 13-15 || total
---------------------------+-------+-------+-------+-------+-------++-------
  Melee: Dagger            |     4 |    18 |     6 |       |       ||    28
         Trident           |       |       |    16 |    62 |   174 ||   252
         Punch             |       |       |       |     1 |     6 ||     7
   Cast: Shock             |   112 |    80 |    31 |    36 |    15 ||   274
         Airstrike         |       |    29 |    98 |   477 |   547 ||  1151
         Arcjolt           |       |       |       |       |    58 ||    58
         Plasma Beam       |       |       |       |       |   144 ||   144
         Swiftness         |       |       |       |       |     1 ||     1
  Evoke: Wand              |       |       |       |     1 |     5 ||     6
    Use: Scroll            |       |     6 |     8 |     9 |    13 ||    36
         Potion            |       |       |       |     1 |     2 ||     3
   Stab: Sleeping          |       |       |       |       |     2 ||     2
         Distracted        |       |       |       |       |     1 ||     1
 Armour: Robe              |     5 |    14 |    24 |    86 |   212 ||   341
  Dodge: Dodged            |    13 |    23 |    31 |   190 |   442 ||   699

Table legend: (Time is in decaauts)
 A = Elapsed time spent in this place.
 B = Non-inter-level travel time spent in this place.
 C = Inter-level travel time spent in this place.
 D = Time resting spent in this place.
 E = Time spent auto-exploring this place.
 F = Levels seen in this place.
 G = Mean time per level.
                   A        B        C        D        E       F      G
               +--------+--------+--------+--------+--------+-----+--------+
         Total |  46738 |  44714 |   2024 |  14871 |  23242 |  26 | 1797.6 |
       Dungeon |  26021 |  24650 |   1371 |   7437 |  13588 |  15 | 1734.7 |
          Lair |   9705 |   9497 |    208 |   1907 |   6536 |   5 | 1941.0 |
  Orcish Mines |   6265 |   5954 |    311 |   3645 |   1621 |   2 | 3132.5 |
   Elven Halls |   2950 |   2818 |    132 |    989 |   1407 |   2 | 1475.0 |
        Bailey |    843 |    843 |      0 |    495 |     90 |   1 |  843.0 |
      Gauntlet |    953 |    953 |      0 |    398 |      0 |   1 |  953.0 |
               +--------+--------+--------+--------+--------+-----+--------+

Top non-repeatable levels by time:
    D:11: 3890 daAuts
   Orc:1: 3864 daAuts
    D:14: 3609 daAuts
  Lair:5: 3519 daAuts
   Elf:1: 2942 daAuts
   Orc:2: 2400 daAuts
     D:9: 2206 daAuts
    D:10: 2053 daAuts
     D:6: 1636 daAuts
  Lair:4: 1612 daAuts
  Lair:3: 1588 daAuts
  Lair:1: 1566 daAuts
     D:3: 1559 daAuts
     D:2: 1539 daAuts
     D:8: 1467 daAuts
